Map: Nightshade LE

Players

Dear - Winner!

  • Race: Protoss Protoss
  • Spawn Location: 11:00

Has

  • Race: Protoss Protoss
  • Spawn Location: 5:00

Event: IEM Katowice 2020

VOD

Have the link to the VOD?

Description

Time

  • Played on: Feb. 27, 2020, 5:09 a.m.
  • Length: 9:30

All games in this series

Show
View Real Time Build Order
Export as new Build Order

Dear Protoss - Winner!

Build Orders:  

Get SALT Encoding   

  12  0:00  Probe  
  13  0:12  Probe  
  14  0:17  Pylon  
  14  0:25  Probe (Chrono Boost)  
  15  0:36  Gateway  
  15  0:37  Probe (Chrono Boost)  
  16  0:44  Probe (Chrono Boost)  
  16  0:46  Assimilator  
  17  0:51  Probe  
  17  0:55  Assimilator  
  18  1:03  Probe (Chrono Boost)  
  19  1:06  Gateway  
  19  1:13  Probe (Chrono Boost)  
  19  1:18  Probe (Chrono Boost)  
  20  1:24  Cybernetics Core  
  21  1:29  Probe  
  22  1:34  Pylon  
  22  1:41  Probe  
  23  2:00  Adept, Robotics Facility  
  25  2:01  Adept  
  25  2:05  Warp Gate  
  25  2:08  Probe  
  28  2:15  Pylon  
  28  2:31  Sentry  
  28  2:34  Sentry  
  31  2:47  Gateway  
  31  2:50  Immortal (Chrono Boost)  
  35  3:02  Pylon  
  35  3:11  Sentry  
  37  3:19  Warp Prism (Chrono Boost)  
  39  3:29  Pylon  
  39  3:48  Immortal  
  43  3:52  Sentry  
  43  3:53  Adept  
  47  3:57  Pylon  
  47  4:00  Adept  
  47  4:25  Immortal (Chrono Boost)  
  51  4:40  Adept  
  51  4:41  Adept x2  
  57  4:59  Immortal  
  61  5:13  Adept  
  61  5:14  Adept  
  63  5:19  Adept  
  36  5:37  Adept x2  
  36  5:38  Probe  
  33  5:48  Observer  
  34  5:50  Probe  
  35  6:02  Probe  
  36  6:11  Stargate  
  36  6:14  Probe  
  37  6:18  Pylon  
  37  6:29  Probe  
  38  6:54  Phoenix (Chrono Boost)  
  40  7:02  Pylon  
  40  7:10  Phoenix (Chrono Boost), Probe  
  40  7:13  Adept x2  
  40  7:15  Adept  
  41  7:22  Probe  
  41  7:29  Phoenix (Chrono Boost)  
  38  7:34  Zealot  
  38  7:35  Zealot  
  39  7:43  Probe  
  39  7:55  Probe  
  40  8:07  Probe  
  40  8:09  Phoenix  
  43  8:21  Probe  
  44  8:33  Probe  
  45  8:34  Phoenix  
  47  8:57  Nexus  
  47  9:04  Phoenix  
  49  9:17  Adept, Sentry  
Show
View Real Time Build Order
Export as new Build Order

Has Protoss 

Build Orders:  

Get SALT Encoding   

  12  0:00  Probe  
  13  0:12  Probe  
  14  0:16  Pylon  
  14  0:25  Probe (Chrono Boost)  
  16  0:36  Gateway  
  16  0:37  Probe (Chrono Boost)  
  16  0:43  Probe (Chrono Boost)  
  16  0:47  Assimilator  
  17  0:50  Assimilator  
  17  0:54  Probe  
  18  1:06  Probe  
  18  1:09  Gateway  
  19  1:18  Probe  
  20  1:23  Cybernetics Core  
  20  1:30  Probe (Chrono Boost)  
  20  1:31  Pylon  
  21  1:42  Probe (Chrono Boost)  
  21  1:46  Probe (Chrono Boost)  
  23  1:59  Warp Gate, Stalker x2  
  27  2:02  Probe  
  27  2:08  Pylon  
  28  2:27  Shield Battery  
  28  2:38  Sentry x2  
  28  2:42  Nexus  
  32  2:54  Robotics Facility  
  32  2:55  Probe  
  32  3:03  Shield Battery  
  32  3:07  Probe  
  33  3:17  Stalker x2  
  37  3:25  Pylon  
  38  3:40  Immortal (Chrono Boost)  
  42  3:53  Gateway  
  42  4:00  Sentry  
  45  4:09  Warp Prism (Chrono Boost)  
  44  4:27  Adept x2  
  48  4:36  Pylon  
  48  4:50  Shield Battery  
  48  4:55  Sentry x2  
  48  4:59  Shield Battery  
  44  5:15  Zealot  
  44  5:20  Zealot  
  44  5:28  Immortal (Chrono Boost)  
  35  5:43  Probe  
  35  5:49  Adept  
  38  5:50  Adept  
  38  5:56  Probe  
  41  6:01  Observer  
  42  6:08  Probe  
  42  6:11  Sentry  
  45  6:17  Sentry  
  47  6:20  Probe  
  44  6:32  Probe  
  45  6:44  Probe, Adept  
  45  6:45  Adept  
  48  6:59  Probe  
  47  7:17  Zealot  
  47  7:19  Immortal (Chrono Boost)  
  49  7:50  Gateway  
  47  8:02  Gateway  
  47  8:21  Warp Prism (Chrono Boost)  
  47  8:26  Gateway  
  46  8:42  Gateway, Pylon  
  46  8:44  Pylon  
  46  8:52  Observer (Chrono Boost)  
  46  9:03  Sentry x3  

Tags
 
Add a new tag
Caveats
  • Supply blocks, unpowered buildings, or Contaminate may cause inaccurate times.
  • Supply counts are checked every 10 seconds.